 Dungeon Crawl Stone Soup version 0.29-a0-384-g6960b1960d (webtiles) character file.

Game seed: 17603441058442014970

411 swappor the Skirmisher (level 6, -3/91 HPs)
             Began as a Minotaur Berserker on May 7, 2022.
             Was a Believer of Trog.
             Slain by a gnoll
             ... wielding a +0 flail
              (4 damage)
             ... on level 3 of the Dungeon.
             The game lasted 00:08:46 (3341 turns).

swappor the Skirmisher (Minotaur Berserker)         Turns: 3341, Time: 00:08:47

Health: -3/91      AC: 13    Str: 22    XL:     6   Next: 58%
Magic:  5/5        EV:  3    Int:  6    God:    Trog [**....]
Gold:   157        SH:  0    Dex:  9    Spells: 5/5 levels left

rFire   + . .      SeeInvis .   a - +0 hand axe
rCold   + . .      Faith    .   (no shield)
rNeg    . . .      Spirit   .   h - +0 gold dragon scales
rPois   +          Reflect  .   (helmet restricted)
rElec   .          Harm     .   d - scarf {+Inv}
rCorr   .          Rampage  .   (no gloves)
Will    .....                   (no boots)
Stlth   ..........              p - amulet of magic regeneration
HPRegen 0.25/turn               (no ring)
MPRegen 0.49/turn               (no ring)

@: berserking (expiring), very quick
A: horns 2, retaliatory headbutt
a: Renounce Religion, Evoke Invisibility, Berserk, Trog's Hand


You were on level 3 of the Dungeon.
You worshipped Trog.
Trog was pleased with you.
You visited 1 branch of the dungeon, and saw 3 of its levels.

You collected 157 gold pieces.

Inventory:

Hand Weapons
 a - a +0 hand axe (weapon)
Missiles
 b - 12 poisoned darts
Armour
 d - a scarf of invisibility (worn)
   (You found it on level 1 of the Dungeon)
 h - +0 gold dragon scales (worn)
   (You found it on level 3 of the Dungeon)
Jewellery
 p - an amulet of magic regeneration (around neck)
   (You found it on level 2 of the Dungeon)
Scrolls
 e - 5 scrolls of identify {@r1}
 f - a scroll of teleportation {unknown}
 g - 2 scrolls of magic mapping {unknown}
 j - a scroll of fog {unknown}
 k - a scroll of fear {unknown}
 m - 2 scrolls of enchant armour {unknown}
 n - 2 scrolls of blinking {unknown}
 o - a scroll of poison {unknown}
 r - a scroll of amnesia {unknown}
Potions
 c - a potion of degeneration {unknown}
 i - 2 potions of ambrosia {unknown}
 l - 2 potions of flight {unknown}
 s - 2 potions of cancellation
 J - 2 potions of curing {@q1}
 N - 2 potions of heal wounds {@q2}


   Skills:
 + Level 7.6 Fighting
 - Level 6.0 Axes
 - Level 2.4 Armour
 - Level 2.1 Dodging


You had 5 spell levels left.
You didn't know any spells.
Your spell library was empty.

Dungeon Overview and Level Annotations

Branches:
Dungeon (3/15)

Altars:


Innate Abilities, Weirdness & Mutations

You have a pair of horns on your head.
You reflexively headbutt those who attack you in melee.


Message History

You take 5 damage, and have 47/58 hp.
You slash the orc!
You kill the orc!
Trog accepts your kill.
You hit the kobold brigand.
Your headbutt misses the kobold brigand.
You are no longer glowing.
The gnoll hits you but does no damage.
The kobold brigand hits you but does no damage.
You hit the kobold brigand. The gnoll hits you but does no damage.
The kobold brigand hits you but does no damage.
You hit the kobold brigand.
Your headbutt misses the kobold brigand.
The kobold brigand hits you with a +0 club.
You take 3 damage, and have 45/58 hp.
You closely miss the kobold brigand.
Your headbutt misses the kobold brigand.
The kobold brigand hits you but does no damage.
You slash the kobold brigand!
The kobold brigand hits you with a +0 club.
You take 4 damage, and have 41/58 hp.
You slash the kobold brigand!
You kill the kobold brigand!
Trog accepts your kill.
Your Fighting skill increases to level 7!
You regained 2 hp, and now have 43/60 hp.
You hit the gnoll shaman but do no damage.
The gnoll shaman hits you but does no damage.
The gnoll hits you but does no damage.
You barely miss the gnoll shaman. You headbutt the gnoll shaman!
The gnoll hits you from afar with a +0 spear.
The gnoll shaman hits you with a +0 club.
The gnoll hits you from afar with a +0 spear.
You take 11 damage, and have 32/60 hp.
You hit the gnoll shaman but do no damage.
Your headbutt misses the gnoll shaman. The gnoll hits you but does no damage.
The gnoll shaman hits you with a +0 club.
You hit the gnoll shaman. You headbutt the gnoll shaman.
The gnoll barely misses you.
The gnoll shaman hits you with a +0 club!
The gnoll barely misses you.
You take 8 damage, and have 24/60 hp.
You hit the gnoll shaman but do no damage.
The gnoll hits you from afar with a +0 spear.
The gnoll shaman utters an invocation to its god.
The gnoll shaman is healed somewhat.
You take 1 damage, and have 23/60 hp.
You hit the gnoll shaman.
The gnoll hits you from afar with a +0 spear.
The gnoll shaman mumbles some strange prayers to its god.
The gnoll shaman is healed somewhat.
The gnoll hits you but does no damage.
You take 3 damage, and have 20/60 hp.
You hit the gnoll shaman but do no damage.
The gnoll shaman hits you with a +0 club!
* * * LOW HITPOINT WARNING * * *
The gnoll hits you but does no damage.
You take 7 damage, and have 13/60 hp.
A red film seems to cover your vision as you go berserk!
You feel yourself moving faster!
You feel mighty! The gnoll hits you but does no damage.
The gnoll shaman hits you with a +0 club.
* * * LOW HITPOINT WARNING * * *
The gnoll hits you but does no damage.
You now have 19/90 hp.
You barely miss the gnoll shaman. Your headbutt misses the gnoll shaman.
The gnoll shaman hits you with a +0 club.
* * * LOW HITPOINT WARNING * * *
The gnoll hits you but does no damage.
You take 5 damage, and have 14/90 hp.
You hit the gnoll shaman. You headbutt the gnoll shaman!
You kill the gnoll shaman!
Trog accepts your kill.
The gnoll hits you from afar with a +0 spear.
* * * LOW HITPOINT WARNING * * *
You take 3 damage, and have 11/90 hp.
The gnoll hits you but does no damage.
Items here: ( ))))))) [[[[ †††.
You closely miss the gnoll. The gnoll hits you but does no damage.
You slash the gnoll! The gnoll hits you but does no damage.
You barely miss the gnoll. You headbutt the gnoll.
You kill the gnoll!
Trog accepts your kill.
You barely miss the gnoll. Your headbutt misses the gnoll.
The gnoll hits you but does no damage.
You slice the gnoll!!
You kill the gnoll!
Trog accepts your kill. The gnoll hits you with a +0 club.
* * * LOW HITPOINT WARNING * * *
The gnoll barely misses you. The orc hits you but does no damage.
There is an open door, spattered with blood here.
Items here: ( ))))) [[ †††.
You take 5 damage, and have 7/91 hp.
You hit the gnoll. You slash the gnoll! You hit the orc but do no damage.
The orc hits you with a +0 short sword.
* * * LOW HITPOINT WARNING * * *
The gnoll hits you with a +0 club.
* * * LOW HITPOINT WARNING * * *
The gnoll hits you with a +0 flail.
You die...

#####++###### ............
..K........ .g...... ..... ##''##
#######g...#######
+....)@g...'.....+
#######o...#######
######''''############
......................
≈≈≈≈≈≈≈....≈≈≈≈≈≈≈≈≈≈≈≈
≈≈≈≈≈≈≈....≈≈≈≈≈≈≈≈≈≈≈≈
≈≈≈≈≈≈≈....≈≈≈≈≈≈≈≈≈≈)≈
.....[....)...........
##############.###..#############


You could see 2 gnolls and an orc.

Vanquished Creatures
  A kobold brigand (D:3)
  2 gnoll shamans (D:3)
  Natasha (thrice) (D:2)
  7 gnolls (D:3)
  5 adders
  2 adder skeletons (D:2)
  2 adder zombies (D:2)
  A worm (D:2)
  3 dart slugs
  9 orcs (D:3)
  2 bat skeletons (D:2)
  2 endoplasms
  A giant cockroach (D:3)
  A goblin (D:1)
  6 hobgoblins
  3 jackals (D:3)
  9 quokkas
  2 ball pythons (D:1)
  3 ball python skeletons (D:2)
  4 bats
  3 frilled lizards
  4 kobolds
  A quokka skeleton (D:2)
76 creatures vanquished.

Vanquished Creatures (others)
  4 withered plants (D:2)
4 creatures vanquished.

Grand Total: 80 creatures vanquished

Notes
Turn   | Place    | Note
-------+----------+-------------------------------------------
     0 | D:1      | swappor the Minotaur Berserker began the quest for the Orb.
     0 | D:1      | Reached XP level 1. HP: 19/19 MP: 0/0
   158 | D:1      | Reached skill level 4 in Axes
   277 | D:1      | Reached XP level 2. HP: 24/26 MP: 1/1
   455 | D:1      | Found a faded altar of an unknown god.
   851 | D:2      | Reached skill level 5 in Axes
   857 | D:2      | Reached XP level 3. HP: 23/31 MP: 2/2
  1267 | D:2      | Reached ** piety under Trog
  1315 | D:2      | Reached skill level 6 in Axes
  1315 | D:2      | Reached XP level 4. HP: 39/39 MP: 3/3
  1444 | D:2      | Reached skill level 4 in Fighting
  1528 | D:2      | Noticed Natasha
  1539 | D:2      | Killed Natasha
  1738 | D:2      | Noticed Natasha
  1752 | D:2      | Killed Natasha
  1861 | D:2      | Reached skill level 5 in Fighting
  2111 | D:2      | Noticed Natasha
  2130 | D:2      | Killed Natasha
  2131 | D:2      | Reached XP level 5. HP: 26/48 MP: 4/4
  2753 | D:3      | Reached skill level 6 in Fighting
  3309 | D:3      | Reached XP level 6. HP: 58/58 MP: 5/5
  3324 | D:3      | Reached skill level 7 in Fighting
  3330 | D:3      | HP: 13/60 [gnoll shaman/+0 club (7)]
  3340 | D:3      | HP: 7/91 [gnoll/+0 club (5)]
  3341 | D:3      | HP: 3/91 [orc/+0 short sword (4)]
  3341 | D:3      | HP: 1/91 [gnoll/+0 club (2)]
  3341 | D:3      | Slain by a gnoll

Illustrated notes

Levels and vault maps discovered:
D:1:      minmay_arrival_diagonal_passages, layout_basic,
          ebering_ecumenical_altar_mist
D:2:      layout_basic, serial_undead, serial_undead_d, serial_undead_b,
          serial_undead_e, serial_undead_c, serial_undead_f, serial_undead_e,
          serial_undead_e, serial_undead_a, serial_undead_b, serial_undead_f,
          uniq_natasha
D:3:      lemuel_castle_with_subvaults [lemuel_castle_interior_original],
          layout_basic

Skill      XL: |  1  2  3  4  5  6 |
---------------+-------------------+-----
Axes           | 4 5 6 |  6.0
Fighting       | 5 6 7 |  7.6
Armour         | |  2.4
Dodging        | |  2.1

Action                   |  1- 3 |  4- 6 || total
-------------------------+-------+-------++-------
Melee: Hand axe          |    80 |   128 ||   208
       Headbutt          |    11 |    16 ||    27
       Punch             |     1 |     1 ||     2
Invok: Berserk           |       |     1 ||     1
  Use: Scroll            |       |     3 ||     3
Armor: Ring mail         |    33 |    19 ||    52
       Gold dragon scale |       |    51 ||    51
Dodge: Dodged            |    46 |    40 ||    86

Table legend: (Time is in decaauts)
 A = Elapsed time spent in this place.
 B = Non-inter-level travel time spent in this place.
 C = Inter-level travel time spent in this place.
 D = Time resting spent in this place.
 E = Time spent auto-exploring this place.
 F = Levels seen in this place.
 G = Mean time per level.
                   A        B        C        D        E       F      G
               +--------+--------+--------+--------+--------+-----+--------+
         Total |   3355 |   3272 |     83 |    698 |   1646 |   3 | 1118.3 |
       Dungeon |   3355 |   3272 |     83 |    698 |   1646 |   3 | 1118.3 |
               +--------+--------+--------+--------+--------+-----+--------+

Top non-repeatable levels by time:
     D:2: 1323 daAuts
     D:3: 1188 daAuts
     D:1: 844 daAuts

Table legend:
 A = Kills in this place as a percentage of kills in entire the game.
 B = Kills by you in this place as a percentage of kills by you in the entire game.
 C = Kills by friends in this place as a percentage of kills by friends in the entire game.
 D = Other kills in this place as a percentage of other kills in the entire game.
 E = Experience gained in this place as a percentage of experience gained in the entire game.
 F = Experience gained in this place divided by the number of levels of this place that you have seen.
                   A       B       C       D       E      F
               +-------+-------+-------+-------+-------+----------------------
         Total | 100.0 | 100.0 |   N/A |   N/A | 100.0 | 196.0
       Dungeon | 100.0 | 100.0 |   N/A |   N/A | 100.0 | 196.0
               +-------+-------+-------+-------+-------+----------------------
